 Dungeon Crawl Stone Soup version 0.26-a0-1012-gedcf9b2963 (webtiles) character file.

Game seed: 10695617163700817528

16 EiAlmux the Chiller (level 2, -3/15 HPs)
             Began as a Deep Elf Ice Elementalist on Dec 7, 2020.
             Shot with a stone by a kobold (6 damage)
             ... on level 1 of the Dungeon.
             The game lasted 00:02:33 (473 turns).

EiAlmux the Chiller (Deep Elf Ice Elementalist)      Turns: 473, Time: 00:02:34

Health: -3/15      AC:  2    Str:  5    XL:     2   Next: 37%
Magic:  6/8        EV: 13    Int: 19    God:
Gold:   37         SH:  0    Dex: 15    Spells: 6/7 levels left

rFire    . . .     SeeInvis .   b - +0 dagger (speed)
rCold    . . .     Faith    .   (no shield)
rNeg     . . .     Spirit   .   a - +0 robe
rPois    .         Reflect  .   (no helmet)
rElec    .         Harm     .   (no cloak)
rCorr    .         Rampage  .   (no gloves)
Will     .....                  (no boots)
Stlth    ++........             (no amulet)
HPRegen  0.05/turn              (no ring)
MPRegen  0.11/turn              (no ring)

@: no status effects
A: no striking features
a: no special abilities


You were on level 1 of the Dungeon.
You visited 1 branch of the dungeon, and saw 1 of its levels.

You collected 37 gold pieces.

Inventory:

Hand Weapons
 b - a +0 dagger of speed (weapon)
Missiles
 e - 5 stones
Armour
 a - a +0 robe (worn)
Potions
 c - a potion of mutation {unknown}
 d - a potion of curing {unknown}


   Skills:
 - Level 2.4 Dodging
 + Level 3.0 Stealth
 + Level 3.4 Spellcasting
 + Level 4.6 Ice Magic


You had 6 spell levels left.
You knew the following spells:

 Your Spells              Type           Power        Failure   Level
a - Freeze                Ice            ###.         2%          1

Your spell library contained the following spells:

 Spells                   Type           Power        Failure   Level
 Frozen Ramparts          Ice            ###...       6%          3
 Ozocubu's Armour         Ice            ###.....     6%          3
 Hailstorm                Conj/Ice       ##......     50%         4
 Summon Ice Beast         Ice/Summ       ##......     50%         4


Dungeon Overview and Level Annotations

Branches:
Dungeon (1/15)

Altars:


Message History

The kobold shoots a stone.
The stone hits you. The bat misses you.
Found 2 boomerangs and a scroll labelled XUXIEM WEIJIT.
The kobold shoots a stone.
The stone hits you.
* * * LOW HITPOINT WARNING * * *
You see here a stone.
Casting: Freeze (safe; 2% risk of failure)
Confirm with . or Enter, or press ? or * to list all spells.
You can't see any susceptible monsters within range! (Use Z to cast anyway.)
The bat hits you.
* * * LOW HITPOINT WARNING * * *
Casting: Freeze (safe; 2% risk of failure)
Confirm with . or Enter, or press ? or * to list all spells.
Aiming: Freeze (safe; 2% risk of failure)
Press: ? - help, Shift-Dir - straight line, f/p - bat
Aim: a bat (severely wounded)
You freeze the bat!
You kill the bat!
The kobold shoots a stone.
The stone hits you.
You die...

#........ #........
###### #........ .....#
#####..K..... .....#
#.......g.... .....#
##.###(....... .....#
##..#....#.....
.....#####..##..(.#.....
....÷##..÷......@.......
..)....†..........#.....
..)..##.........>.#.....
.....##...........# ....
.....##...........# ....
....###...........# #(?
'###.......###....#
..8#..##...# ######
#.##.####..#


You could see a hobgoblin and a kobold.

Vanquished Creatures
  A dart slug (D:1)
  A ball python (D:1)
  3 goblins (D:1)
  3 hobgoblins (D:1)
  3 bats (D:1)
  2 kobolds (D:1)
13 creatures vanquished.

Notes
Turn   | Place    | Note
-------+----------+-------------------------------------------
     0 | D:1      | EiAlmux the Deep Elf Ice Elementalist began the quest for
                  | the Orb.
     0 | D:1      | Reached XP level 1. HP: 10/10 MP: 6/6
   155 | D:1      | Reached XP level 2. HP: 15/15 MP: 5/8
   473 | D:1      | Shot with a stone by a kobold

Illustrated notes

Levels and vault maps discovered:
D:1:      heliophobic_arrival_ceremonial_halls, layout_rooms

Skill      XL: |  1  2 |
---------------+-------+-----
Stealth        | 3 |  3.0
Dodging        | |  2.4
Spellcasting   | |  3.4
Ice Magic      | |  4.6

Action                   || total
-------------------------++-------
Melee: Dagger            ||     4
 Cast: Freeze            ||    19
Armor: Robe              ||     2
Dodge: Dodged            ||    15

Table legend: (Time is in decaauts)
 A = Elapsed time spent in this place.
 B = Non-inter-level travel time spent in this place.
 C = Inter-level travel time spent in this place.
 D = Time resting spent in this place.
 E = Time spent auto-exploring this place.
 F = Levels seen in this place.
 G = Mean time per level.
                   A        B        C        D        E       F      G
               +--------+--------+--------+--------+--------+-----+--------+
         Total |    470 |    470 |      0 |      0 |    377 |   1 |  470.0 |
       Dungeon |    470 |    470 |      0 |      0 |    377 |   1 |  470.0 |
               +--------+--------+--------+--------+--------+-----+--------+

Top non-repeatable levels by time:
     D:1: 470 daAuts
